 Dungeon Crawl Stone Soup version 0.15.2 (webtiles) character file.

325372 Ge0ff the Swashbuckler (level 20, -11/151 HPs)
             Began as a Vampire Skald on Dec 2, 2022.
             Was the Champion of Kikubaaqudgha.
             Mangled by a vault warden
             ... wielding a +2 halberd of freezing
              (17 damage)
             ... on Level 1 of the Vaults on Dec 3, 2022.
             The game lasted 06:17:01 (65486 turns).

Ge0ff the Swashbuckler (Vampire Skald)             Turns: 65486, Time: 06:17:01

HP -11/151       AC 16     Str 24      XL: 20   Next: 35%
MP   0/38        EV 18     Int 28      God: Kikubaaqudgha [******]
Gold 3071        SH  5     Dex 17      Spells: 10 memorised,  5 levels left

rFire  + . .     SeeInvis +     b - +9 dagger (vamp)
rCold  . . .     Clarity  +     D - +1 leather armour "Trusted Companion" {Str+5 Int+5}
rNeg   . . .     rCorr    .     G - +0 buckler
rPois  +         rRot     .     Q - +2 hat
rElec  +         Spirit   +     P - +2 cloak {rPois}
SustAb .         Warding  .     z - +2 pair of gloves {Str+3}
rMut   .         Stasis   .     l - +2 pair of boots
Gourm  .                        r - amulet of guardian spirit
MR     ++...                    A - ring "Strai" {rElec Slay+4 SInv}
                                O - ring of Divine Intervention {rF+ Dex+4 Int+3, =R}

@: mighty, very slightly contaminated, regenerating, deflect missiles, very
resistant to hostile enchantments, extremely stealthy
A: bottle blood, fangs 3, repulsion field 1, see invisible, clarity, poison
resistance, unbreathing
a: Bottle Blood, Receive Corpses, Torment, Renounce Religion
}: 3/15 runes: serpentine, barnacled, abyssal


You were on level 1 of the Vaults.
You worshipped Kikubaaqudgha.
Kikubaaqudgha was exalted by your worship.
You were very full.

You visited 8 branches of the dungeon, and saw 42 of its levels.
You visited the Abyss 4 times.
You also visited: Sewer, Bailey, Ice Cave and Volcano.

You collected 6367 gold pieces.
You spent 3296 gold pieces at shops.

Inventory:

Hand weapons
 a - the +3 cutlass of Pain and Death {speed, Str+2}
   (You bought it in a shop on level 4 of the Orcish Mines)

   Attacks with this weapon are significantly faster.
   It affects your strength (+2).
 b - a +9 vampiric dagger (weapon)
Missiles
 f - 11 throwing nets {!f}
 R - 107 tomahawks (quivered)
Armour
 l - a +2 pair of boots (worn)
 z - a +2 pair of gloves of strength (worn)
 D - the +1 leather armour "Trusted Companion" (worn) {Str+5 Int+5}
   (You found it on level 3 of the Shoals)

   It affects your strength (+5).
   It affects your intelligence (+5).
 G - a +0 buckler (worn)
 P - a +2 cloak of poison resistance (worn)
 Q - a +2 hat (worn)
Magical devices
 d - a wand of digging (20)
 e - a wand of teleportation (4)
 n - a wand of enslavement (6)
 I - a wand of paralysis (7)
Scrolls
 g - 7 scrolls of fog
 i - 3 scrolls of identify
 k - 2 scrolls of silence {!r}
 m - 15 scrolls of magic mapping
 u - 5 scrolls of enchant armour
 B - 2 scrolls of blinking
 C - 6 scrolls of remove curse
 E - 7 scrolls of fear
 T - 11 scrolls of teleportation
 V - 4 scrolls of vulnerability
 Y - a scroll of immolation
Jewellery
 p - an uncursed ring of protection from cold
 r - an amulet of guardian spirit (around neck)
 t - an uncursed ring of positive energy
 A - the ring "Strai" (right hand) {rElec Slay+4 SInv}
   (You took it off a deep elf death mage on level 3 of the Elven Halls)

   [ring of slaying]

   It affects your accuracy and damage with ranged weapons and melee attacks
   (+4).
   It insulates you from electricity.
   It enhances your eyesight.
 K - an uncursed ring of regeneration
 L - an uncursed amulet of resist mutation
 O - the ring of Divine Intervention (left hand) {rF+ Dex+4 Int+3, =R}
   (You bought it in a shop on level 4 of the Orcish Mines)

   [ring of protection from fire]

   It affects your intelligence (+3).
   It affects your dexterity (+4).
   It protects you from fire.
 Z - the ring of the Enemy {+/*Tele Int+2 Slay+4}
   (You found it on level 4 of the Lair of Beasts)

   [ring of teleportation]

   It causes random teleportation, and can be evoked to teleport at will.
   It affects your intelligence (+2).
   It affects your accuracy and damage with ranged weapons and melee attacks
   (+4).
Potions
 j - 4 potions of brilliance
 q - 14 potions of curing
 s - 2 potions of cancellation {!q}
 x - 2 potions of cure mutation {!q}
 y - 7 potions of resistance
 H - 5 potions of haste {!q}
 M - 4 potions of might
 N - 4 potions of restore abilities
 S - 4 potions of agility
 U - 4 potions of berserk rage {!q}
 W - 11 potions of heal wounds {!q}
 X - a potion of magic {!q}
Books
 J - a book of Death

   Spells                             Type                      Level
   Corpse Rot                         Necromancy                   2
   Sublimation of Blood               Necromancy                   2
   Agony                              Necromancy                   5
   *Dispel Undead                     Necromancy                   5
   Excruciating Wounds                Charms/Necromancy            5
   Bolt of Draining                   Conjuration/Necromancy       5
Miscellaneous
 c - a fan of gales (inert)
 h - a sack of spiders {used: 2}
 o - a phial of floods (inert)
 v - a lamp of fire (inert)
 F - a phial of floods
Rods
 w - a +6 rod of inaccuracy (11/11)
   (You took it off a deep elf sorcerer on level 3 of the Elven Halls)


   Skills:
 - Level 11.6 Fighting
 - Level 15.0 Short Blades
 - Level 6.0 Throwing
 - Level 7.0 Armour
 - Level 7.4 Dodging
 - Level 15.0 Stealth
 - Level 4.0 Shields
 * Level 12.6 Spellcasting
 - Level 12.0 Hexes
 - Level 10.0 Charms
 - Level 13.2 Necromancy
 - Level 4.0 Translocations
 + Level 11.4 Transmutations
 - Level 7.0 Air Magic
 + Level 10.8 Earth Magic
 - Level 10.0 Evocations


You had 5 spell levels left.
You knew the following spells:

 Your Spells              Type           Power        Failure   Level  Hunger
b - Statue Form           Trmt/Erth      ######...    6%          6    ####...
c - Blink                 Tloc           N/A          1%          2    None
d - Deflect Missiles      Chrm/Air       ######....   17%         6    ####...
i - Invisibility          Hex            ######..     3%          6    ####...
n - Dispel Undead         Necr           ######..     1%          5    None
o - Summon Butterflies    Summ           ###.....     3%          1    None
r - Regeneration          Chrm/Necr      ######....   1%          3    None
s - Confuse               Hex            ######..     1%          3    None
x - Animate Dead          Necr           N/A          1%          4    None
F - Flight                Chrm/Air       ######....   1%          3    None


Dungeon Overview and Level Annotations

Branches:
Dungeon (15/15)            Temple (1/1) D:7             Orc (4/4) D:11
    Elf (3/3) Orc:3          Lair (8/8) D:8          Shoals (5/5) Lair:3
  Snake (5/5) Lair:3        Slime (0/6) Lair:6       Vaults (1/5) D:13
 Depths (0/5) D:15

Altars:
Ashenzari
Cheibriados
Dithmenos
Elyvilon
Fedhas
Kikubaaqudgha
Makhleb
Nemelex Xobeh
Okawaru
Qazlal
Sif Muna
Trog
Vehumet
Xom
Yredelemnul
Zin
The Shining One
Beogh
Lugonu

Shops:
D:8 [[(?}   D:10 (   D:11 *   D:13 (   Orc:3 ?   Orc:4 =*[(   Snake:4 [
Snake:5 *


Innate Abilities, Weirdness & Mutations

Your natural rate of healing is unusually fast.
You can bottle blood from corpses.
You have razor-sharp teeth.
You have supernaturally acute eyesight.
You can survive without breathing.
You are surrounded by a mild repulsion field (EV +2).
You possess an exceptional clarity of mind.
Your system is resistant to poisons.


Message History

Drink which item? (? for menu, Esc to quit)
You feel very mighty all of a sudden.
The vault warden activates a sealing rune.
You puncture the vault warden!
The vault warden is almost dead.
The vault warden hits you but does no damage.
You puncture the vault warden! You bite the vault warden.
The vault warden is almost dead.
You block the vault warden's attack.
You barely miss the vault warden. Your bite misses the vault warden.
The vault warden is almost dead.
The vault warden barely misses you.
You puncture the vault warden!
You kill the vault warden!
The vault warden's corpse shimmers and vanishes!
The vault warden hits you from afar with a halberd of freezing!!!
* * * LOW HITPOINT WARNING * * *
The vault warden freezes you!!
You die...
Kikubaaqudgha rasps: "You have failed me!
Welcome... oblivion!"

#....#########....#
#(...........#....#
#............#....#
#............#....#
##########...#....#
§##########...#....#
§§ERRc>p.##...#....#
########.##...#....#
#@##...#....#
#.##...#....######
#.##...#..........
#.##...#...)......
#.##...#..........
#.###'#####.......
#.#.......#.......
#.#.......'.......
..#.......#.......


You could see a vault warden.

Vanquished Creatures
  Saint Roka (Orc:4)
  Norris (Snake:4)
  3 bone dragons
  A profane servitor (Abyss:1)
  A tentacled monstrosity (Abyss:1)
  3 deep elf blademasters
  2 deep elf master archers (Elf:3)
  2 krakens
  3 tentacled starspawn
  A lich (Abyss:3)
  Rupert (Lair:3)
  Agnes (Shoals:4)
  Kirke (Shoals:4)
  The ghost of Lightli the Harbinger of Death, a mighty DDDK of Yredelemnul (Elf:3)
  3 greater nagas
  Roxanne (D:14)
  Ilsuiw (Shoals:4)
  Wiglaf (Shoals:4)
  8 deep elf sorcerers
  An orc warlord (Orc:4)
  Aizul (Snake:5)
  3 vault wardens (Vaults:1)
  2 ogre magi (Vaults:1)
  A draconian shifter (Abyss:1)
  3 rakshasas (Abyss:1)
  10 deep elf demonologists
  2 lorocyprocas
  Azrael (Snake:4)
  5 deep elf annihilators (Elf:3)
  A white draconian (IceCv)
  A spectral weapon (Orc:4)
  Snorg (Orc:1)
  An eidolon (Abyss:1)
  4 merfolk javelineers
  A deep elf death mage (Elf:3)
  A fire dragon (D:15)
  2 deep elf high priests
  8 merfolk impalers (Shoals:5)
  8 hydras
  Fannar (Orc:4)
  Harold (D:14)
  7 naga warriors
  Nessos (D:14)
  4 sirens
  Erica (Orc:3)
  An alligator snapping turtle (Shoals:5)
  3 centaur warriors
  17 death yaks
  7 anacondas
  4 orc high priests (Orc:4)
  3 satyrs (Shoals:5)
  4 merfolk aquamancers
  2 hell hogs (Abyss:1)
  5 shock serpents
  A thrashing horror (Abyss:1)
  14 deep elf knights
  4 catoblepae
  5 naga sharpshooters
  4 wretched stars
  3 skeletal warriors
  A fire crab (Vaults:1)
  7 large abominations
  10 sea snakes
  8 deep elf summoners
  4 unseen horrors
  A giant orange brain (Abyss:1)
  An ice statue (IceCv)
  7 harpies
  2 necromancers
  A naga ritualist (Snake:2)
  2 ironbrand convokers (Vaults:1)
  5 orc knights
  3 orc sorcerers (Orc:4)
  A sphinx zombie (D:15)
  A phantasmal warrior (D:15)
  3 water nymphs
  6 hill giants
  4 mana vipers
  14 deep elf conjurers
  4 ugly things
  A worldbinder (Abyss:3)
  6 fauns
  4 griffons
  5 salamanders
  26 black mambas
  7 manticores
  7 elephants
  4 cyclopes
  A centaur zombie (D:15)
  An eye of devastation (Abyss:2)
  An apocalypse crab (Abyss:1)
  3 mermaids
  6 smoke demons
  3 guardian serpents
  15 spiny frogs
  11 naga magi
  Psyche (Orc:3)
  2 efreet
  An orange demon (Abyss:1)
  2 fire drakes
  10 komodo dragons
  9 yaktaurs
  4 ancient zymes (Abyss:1)
  8 deep elf priests
  Grinder (D:6)
  3 hellwings
  A two-headed ogre (D:9)
  26 merfolk
  A guardian mummy (Volcano)
  17 polar bears
  21 water elementals
  A harpy zombie (Abyss:1)
  6 trolls
  18 blink frogs
  2 minotaur skeletons (Volcano)
  2 boulder beetles
  5 slime creatures (D:12)
  2 wind drakes (Shoals:5)
  7 snapping turtles
  The ghost of SaintRoka the Sneak, an experienced NaHe of Cheibriados (Bailey)
  A blink frog (shapeshifter) (Abyss:2)
  A raven (Abyss:3)
  15 raiju
  8 basilisks
  6 flying skulls
  A human (D:8)
  2 ynoxinuls
  A spriggan (Lair:1)
  An ice dragon skeleton (D:15)
  18 deep elf magi
  2 wraiths
  6 vampires
  2 hungry ghosts
  Eustachio (Orc:1)
  13 hippogriffs
  3 shadows
  7 wyverns
  7 vampire mosquitoes (D:15)
  2 fire bats (Abyss:1)
  Grum (Orc:4)
  3 fire elementals (Snake:4)
  38 yaks
  5 hogs
  23 deep elf fighters
  31 wolves
  A chaos spawn (Abyss:1)
  29 nagas
  A human zombie (D:15)
  4 wargs
  24 water moccasins
  A soldier ant (shapeshifter) (D:13)
  8 sky beasts
  A merfolk skeleton (Volcano)
  12 small abominations
  15 porcupines
  51 orc warriors
  6 ice beasts
  8 spiders (Elf:2)
  13 ogres
  2 black bears
  4 starcursed masses (Abyss:1)
  A yellow wasp (D:12)
  3 necrophages
  2 phantoms
  2 boring beetles
  A vampire mosquito zombie (D:15)
  2 manticore skeletons (Volcano)
  A boring beetle (shapeshifter) (Elf:2)
  10 centaurs
  13 crocodiles
  21 giant frogs
  2 yaktaur zombies (D:15)
  2 big kobolds
  A yak zombie (D:10)
  A cyclops skeleton (D:15)
  3 scorpions
  11 wights
  An eye of draining (D:12)
  2 spriggan skeletons (Volcano)
  2 jellies
  21 hounds
  A troll skeleton (D:9)
  11 crimson imps
  An electric eel (Lair:4)
  A giant frog skeleton (D:6)
  34 orc priests
  3 centaur skeletons
  2 iron imps (Abyss:1)
  An elf skeleton (D:11)
  42 orc wizards
  An orange rat (Elf:2)
  2 two-headed ogre skeletons (Volcano)
  7 worker ants
  14 iguanas
  A basilisk skeleton (D:15)
  22 sheep
  A tengu simulacrum (D:14)
  Ijyb (D:3)
  An ogre skeleton (Volcano)
  Terence (D:2)
  2 mummies
  16 orc zombies
  13 gnolls
  25 adders
  48 green rats
  5 shadow imps
  13 white imps
  A worm zombie (D:5)
  3 giant mites
  4 ufetubi
  3 worms
  An adder skeleton (D:9)
  An iguana skeleton (D:5)
  4 giant geckos
  An ooze (D:2)
  216 orcs
  A bat zombie (D:6)
  2 gnoll zombies (D:6)
  24 goblins
  28 hobgoblins
  14 jackals
  42 kobolds
  6 ball pythons
  12 bats
  8 giant cockroaches
  10 giant newts
  A giant newt skeleton (D:5)
  A giant newt zombie (D:5)
  2 giant spores (D:15)
  A kobold skeleton (D:5)
  A lurking horror (Abyss:2)
  2 orc skeletons
  16 quokkas
  A quokka skeleton (D:6)
  16 rats
  2 rat skeletons (D:7)
  7 ballistomycetes (D:15)
  4 fungi
  3 plants
  2 starspawn tentacles
  5 tentacles
1716 creatures vanquished.

Vanquished Creatures (collateral kills)
  Asterion (Shoals:3)
  2 krakens
  A thorn hunter (Abyss:3)
  Frances (Shoals:2)
  A deep elf sorcerer (Elf:3)
  8 greater nagas
  Louise (D:14)
  2 deep elf death magi (Elf:3)
  2 merfolk javelineers
  2 merfolk impalers
  2 hydras (D:14)
  5 naga warriors (Snake:5)
  9 anacondas (Snake:5)
  A shambling mangrove (Abyss:3)
  2 merfolk aquamancers (Shoals:5)
  A siren (Shoals:4)
  An orc high priest (Orc:4)
  4 naga sharpshooters (Snake:5)
  A shock serpent (Snake:4)
  A sun demon (Shoals:2)
  A deep elf knight (Elf:1)
  A death yak (Lair:8)
  2 salamander mystics
  2 skeletal warriors (D:14)
  8 sea snakes
  A large abomination (Abyss:2)
  4 naga ritualists
  2 mana vipers
  5 manticores
  5 fauns
  3 cyclopes (Shoals:1)
  3 oklob plants
  16 harpies
  3 water nymphs
  2 elephants (Lair:4)
  4 griffons
  An ugly thing (D:14)
  3 drowned souls (Shoals:4)
  5 mermaids
  2 salamanders
  9 black mambas
  14 naga magi
  A spiny frog (Lair:5)
  8 guardian serpents
  4 fire drakes (D:14)
  A hellwing (Shoals:2)
  An anaconda simulacrum (Abyss:1)
  12 merfolk
  2 wind drakes
  2 snapping turtles
  A raven (Abyss:3)
  A trapdoor spider (D:14)
  4 basilisks (D:14)
  A yak (Lair:5)
  2 wyverns (D:14)
  4 water elementals
  5 hippogriffs
  A ynoxinul (Abyss:2)
  A fire elemental (Snake:4)
  A warg (Orc:4)
  20 nagas
  A porcupine (Lair:6)
  A small abomination (Abyss:1)
  2 hell hounds (D:14)
  3 orc warriors
  6 water moccasins
  An ogre (D:13)
  A torpor snail zombie (D:15)
  2 wights (D:13)
  An eye of draining (Abyss:2)
  An orc wizard (D:13)
  A worker ant (D:14)
  12 sheep
  4 orcs
  2 plants
  7 tentacles
261 creatures vanquished.

Vanquished Creatures (others)
  4 anaconda zombies (Snake:5)
  A wizard (D:13)
  A mana viper (Snake:2)
  A hell hog zombie (Abyss:1)
  3 harpies
  24 spectral weapons
  A manticore (Shoals:1)
  A vault sentinel (Vaults:1)
  15 drowned souls
  A shock serpent skeleton (Snake:5)
  An air elemental (Vaults:1)
  6 sea snake zombies
  A sea snake skeleton (Shoals:1)
  2 harpy zombies (Shoals:2)
  8 water elementals
  2 harpy skeletons
  A guardian serpent zombie (Snake:5)
  2 griffon zombies
  A flying skull (Abyss:1)
  3 black mamba zombies (Snake:5)
  7 wind drake zombies
  A fire dragon skeleton (Abyss:2)
  3 merfolk skeletons
  3 trapdoor spiders (Lair:5)
  A guardian serpent skeleton (Snake:5)
  2 deep elf magi (Elf:1)
  A deep elf fighter (Elf:1)
  A human (Shoals:5)
  13 merfolk zombies
  3 faun zombies
  A salamander zombie (Snake:5)
  A water nymph zombie (Shoals:2)
  3 spiders
  7 manticore zombies
  4 mermaid zombies (Shoals:2)
  4 snapping turtle zombies
  A swamp dragon skeleton (Abyss:2)
  2 lost souls (Elf:3)
  6 naga skeletons (Snake:5)
  6 water moccasin zombies (Snake:5)
  A water moccasin skeleton (Snake:5)
  4 hippogriff zombies
  A hippogriff skeleton (Shoals:2)
  A human zombie (Shoals:5)
  6 elf zombies
  17 naga zombies (Snake:5)
  5 chimeras
  A giant mite (Lair:5)
  2 orcs (Orc:4)
  A giant spore (D:15)
  5 fungi
  9 plants
  2 starspawn tentacles
  14 starspawn tentacle segments (Abyss:1)
  23 tentacles
  467 tentacle segments
708 creatures vanquished.

Grand Total: 2685 creatures vanquished

Notes
Turn   | Place    | Note
--------------------------------------------------------------
     0 | D:1      | Ge0ff, the Vampire Skald, began the quest for the Orb.
     0 | D:1      | Reached XP level 1. HP: 16/16 MP: 3/3
    33 | D:1      | Reached skill level 1 in Stealth
    35 | D:1      | Reached skill level 1 in Armour
   164 | D:1      | Reached XP level 2. HP: 15/22 MP: 4/4
   558 | D:1      | Found a sparkling altar of Nemelex Xobeh.
   922 | D:2      | Reached XP level 3. HP: 24/27 MP: 0/6
   927 | D:2      | Learned a level 3 spell: Regeneration
   930 | D:2      | Learned a level 2 spell: Shroud of Golubria
   939 | D:2      | Found a bloodstained altar of Trog.
  1270 | D:2      | Found a white marble altar of Elyvilon.
  1598 | D:2      | Reached XP level 4. HP: 20/33 MP: 2/7
  1789 | D:2      | Noticed Terence
  1805 | D:2      | Killed Terence
  2215 | D:3      | Noticed Ijyb
  2229 | D:3      | Reached skill level 1 in Evocations
  2324 | D:3      | Found a glowing golden altar of the Shining One.
  2377 | D:3      | Found a shimmering altar of Xom.
  2421 | D:3      | Killed Ijyb
  2421 | D:3      | Reached XP level 5. HP: 32/38 MP: 1/9
  2555 | D:3      | Reached skill level 4 in Short Blades
  3270 | D:4      | Reached XP level 6. HP: 12/44 MP: 7/11
  3401 | D:3      | Learned a level 3 spell: Spectral Weapon
  3485 | D:4      | Found a shattered altar of Ashenzari.
  3515 | D:4      | Reached skill level 1 in Hexes
  3518 | D:4      | Found a burning altar of Makhleb.
  4104 | D:4      | Found a white marble altar of Elyvilon.
  4228 | D:4      | Reached skill level 5 in Short Blades
  4267 | D:4      | Found a blossoming altar of Fedhas.
  4614 | D:5      | Entered Level 5 of the Dungeon
  4615 | D:5      | Reached XP level 7. HP: 50/50 MP: 14/14
  4854 | D:5      | Got an encrusted scale mail
  4875 | D:5      | Reached skill level 5 in Charms
  5139 | D:5      | Reached skill level 6 in Short Blades
  5228 | D:5      | Identified the cursed +2 scale mail of the Thunderstorm {MR+ Dex+1} (You found it on level 5 of the Dungeon)
  5847 | D:5      | Reached XP level 8. HP: 38/56 MP: 16/16
  5959 | D:6      | Noticed Grinder
  5965 | D:6      | Paralysed by Grinder for 3 turns
  5988 | D:6      | Killed Grinder
  5988 | D:6      | Reached skill level 5 in Stealth
  5988 | D:6      | Reached skill level 5 in Hexes
  6084 | D:6      | Found a basalt altar of Yredelemnul.
  6126 | D:6      | Found a glowing drain.
  6172 | Sewer    | Entered a sewer
  6401 | Sewer    | Reached skill level 1 in Necromancy
  6656 | D:6      | Reached skill level 1 in Translocations
  6705 | D:6      | Reached skill level 1 in Throwing
  7311 | D:6      | Reached skill level 7 in Short Blades
  7401 | D:5      | Reached XP level 9. HP: 60/64 MP: 12/17
  8375 | D:7      | Found a staircase to the Ecumenical Temple.
  8387 | Temple   | Entered the Ecumenical Temple
  8483 | Temple   | Became a worshipper of Kikubaaqudgha
  8587 | D:7      | Reached skill level 8 in Short Blades
  8824 | D:7      | Found a deep blue altar of Sif Muna.
  9173 | D:8      | Found Zeset's Weapon Emporium.
  9176 | D:8      | Found Bradung's Gadget Shoppe.
  9183 | D:8      | Bought a wand of draining (11) for 180 gold pieces
  9252 | D:8      | Found Qanixos' Antique Armour Emporium.
  9263 | D:8      | Bought a pair of embroidered gloves for 148 gold pieces
  9295 | D:8      | Acquired Kikubaaqudgha's first power
  9295 | D:8      | Received a gift from Kikubaaqudgha
  9297 | D:8      | Identified Kikubaaqudgha's Incunabulum of Evil Secrets (Kikubaaqudgha gifted it to you on level 8 of the Dungeon)
  9301 | D:8      | Found Brifac's Antique Armour Shoppe.
  9504 | D:8      | Found Kima's Magic Scroll Boutique.
  9515 | D:8      | Bought a scroll of identify for 32 gold pieces
  9546 | D:8      | Found a staircase to the Lair.
 10004 | D:8      | Reached skill level 5 in Fighting
 10061 | D:8      | Reached skill level 9 in Short Blades
 10110 | D:8      | Reached XP level 10. HP: 53/74 MP: 12/18
 10531 | D:9      | Acquired Kikubaaqudgha's second power
 10562 | D:9      | Found a shadowy altar of Dithmenos.
 10939 | D:9      | Found a stormy altar of Qazlal.
 11170 | D:10     | Entered Level 10 of the Dungeon
 11222 | D:10     | Found Xajois' Antique Weapon Emporium.
 11265 | D:10     | Reached skill level 5 in Necromancy
 11293 | D:10     | Bought a glowing dagger for 46 gold pieces
 11340 | D:8      | Bought an embroidered cloak for 139 gold pieces
 11713 | D:10     | Gained mutation: You are surrounded by a mild repulsion field (EV +2). [potion of beneficial mutation]
 11796 | D:8      | Bought a scroll of remove curse for 48 gold pieces
 12004 | D:10     | Noticed a hill giant
 12007 | D:10     | Killed a hill giant
 12007 | D:10     | Reached skill level 10 in Short Blades
 12403 | D:11     | Noticed a centaur warrior
 12494 | D:11     | Killed a centaur warrior
 12494 | D:11     | Reached XP level 11. HP: 52/76 MP: 19/21
 12571 | D:11     | Noticed a four-headed hydra
 12589 | D:11     | Killed a six-headed hydra
 12734 | D:11     | Received a gift from Kikubaaqudgha
 12741 | D:11     | Identified Kikubaaqudgha's Compendium of Necromancy (Kikubaaqudgha gifted it to you on level 11 of the Dungeon)
 12748 | D:11     | Learned a level 5 spell: Dispel Undead
 12795 | D:11     | Found Cuvep's Assorted Antiques.
 12798 | D:11     | Bought a scroll of identify for 38 gold pieces
 12820 | D:11     | Reached skill level 5 in Throwing
 12979 | D:11     | Found a staircase to the Orcish Mines.
 13052 | D:11     | Learned a level 3 spell: Confuse
 13123 | D:11     | Noticed a hill giant
 13135 | D:11     | Killed a hill giant
 13403 | D:11     | Identified a scroll of acquirement
 13406 | D:11     | Got a warped helmet
 13417 | D:11     | Identified the +1 helmet of Hide-and-Seek {rPois Slay-3} (You acquired it on level 11 of the Dungeon)
 13643 | D:12     | Found a frozen archway.
 13694 | D:12     | Acquired Kikubaaqudgha's third power
 13754 | IceCv    | Entered an ice cave
 13785 | IceCv    | Reached skill level 11 in Short Blades
 14316 | IceCv    | Reached skill level 5 in Spellcasting
 14367 | IceCv    | Gained mutation: Your system is resistant to poisons. [potion of beneficial mutation]
 14368 | IceCv    | Gained mutation: You possess an exceptional clarity of mind. [potion of beneficial mutation]
 14444 | IceCv    | Noticed an ice statue
 14580 | IceCv    | Killed an ice statue
 14798 | IceCv    | Reached XP level 12. HP: 46/83 MP: 18/24
 14918 | IceCv    | Noticed a white draconian
 15197 | IceCv    | Killed a white draconian
 16630 | Lair:1   | Entered Level 1 of the Lair of Beasts
 16743 | Lair:1   | Acquired Kikubaaqudgha's fourth power
 17303 | Lair:1   | Reached skill level 12 in Short Blades
 17659 | Lair:1   | Reached skill level 5 in Evocations
 18206 | Lair:2   | Found a dark tunnel.
 18212 | Volcano  | Entered a volcano
 19588 | Lair:2   | You fall through a shaft for 2 floors!
 19786 | Lair:3   | Reached XP level 13. HP: 79/91 MP: 27/27
 19912 | Lair:3   | Found a staircase to the Snake Pit.
 20488 | Lair:2   | Reached skill level 10 in Necromancy
 21740 | Lair:3   | Found a staircase to the Shoals.
 21757 | Lair:3   | Reached skill level 1 in Shields
 21848 | Lair:3   | Noticed Rupert
 21867 | Lair:3   | Killed Rupert
 22190 | Lair:4   | Reached skill level 10 in Stealth
 22240 | Lair:4   | Got a steaming wooden ring
 22242 | Lair:4   | Identified the ring of the Enemy {+/*Tele Int+2 Slay+4} (You found it on level 4 of the Lair of Beasts)
 23518 | Lair:5   | Reached skill level 5 in Dodging
 23669 | Temple   | Received a gift from Kikubaaqudgha
 24569 | Lair:6   | Reached skill level 5 in Armour
 24590 | Lair:6   | Found a staircase to the Slime Pits.
 24729 | Lair:6   | Reached skill level 10 in Hexes
 24938 | Lair:6   | Reached XP level 14. HP: 99/101 MP: 29/29
 25412 | Lair:7   | Reached skill level 13 in Short Blades
 26353 | Lair:8   | Entered Level 8 of the Lair of Beasts
 27344 | Lair:8   | Reached skill level 14 in Short Blades
 28469 | Lair:8   | Learned a level 3 spell: Flight
 28781 | D:11     | Bought a twisted glass wand for 76 gold pieces
 28781 | D:11     | Bought a scroll of fear for 66 gold pieces
 28822 | Orc:1    | Entered Level 1 of the Orcish Mines
 28866 | Orc:1    | Noticed Eustachio
 28875 | Orc:1    | Killed Eustachio
 29158 | Orc:1    | Noticed Snorg
 29174 | Orc:1    | Killed Snorg
 29174 | Orc:1    | Reached skill level 1 in Air Magic
 29236 | Orc:1    | Found a roughly hewn altar of Beogh.
 29492 | Orc:2    | Found a flagged portal.
 29502 | Bailey   | Entered a bailey
 29503 | Bailey   | Noticed SaintRoka's ghost (experienced NaHe)
 29537 | Bailey   | Killed SaintRoka's ghost
 29786 | Bailey   | Reached XP level 15. HP: 98/115 MP: 18/29
 29863 | Bailey   | Reached skill level 10 in Fighting
 30249 | Orc:2    | Found a roughly hewn altar of Beogh.
 30318 | Orc:2    | Found a roughly hewn altar of Beogh.
 30489 | Orc:3    | Found a roughly hewn altar of Beogh.
 30520 | Orc:3    | Noticed Psyche
 30528 | Orc:3    | Killed Psyche
 30539 | Orc:3    | Cast into the Abyss (a distortion unwield)
 30591 | Orc:3    | Escaped the Abyss
 30862 | Orc:3    | Found a staircase to the Elven Halls.
 30891 | Orc:3    | Found a roughly hewn altar of Beogh.
 31046 | Orc:3    | Noticed Erica
 31069 | Orc:3    | Killed Erica
 31122 | Orc:3    | Found Jiupn's Magic Scroll Shop.
 31130 | Orc:3    | Bought a scroll of enchant weapon for 120 gold pieces
 31338 | Orc:4    | Entered Level 4 of the Orcish Mines
 31536 | Orc:4    | Reached skill level 15 in Short Blades
 31550 | Orc:4    | Noticed Saint Roka
 31571 | Orc:4    | Killed Saint Roka
 31663 | Orc:4    | Noticed Grum
 31668 | Orc:4    | Killed Grum
 31827 | Orc:4    | Noticed Fannar
 31843 | Orc:4    | Killed Fannar
 32146 | Orc:4    | Paralysed by an orc sorcerer for 4 turns
 32760 | Orc:4    | Found Awnoepoynerph's General Store.
 32762 | Orc:4    | Found Ympaeqia's Jewellery Emporium.
 32764 | Orc:4    | Found Hifivu's Antique Armour Emporium.
 32764 | Orc:4    | Found Efeg Era's Antique Weapon Shoppe.
 32802 | Orc:4    | Bought a fine leather armour for 210 gold pieces
 32813 | Orc:4    | Identified the cursed -5 leather armour "Arhazar" {Str+3 Dex-2} (You bought it in a shop on level 4 of the Orcish Mines)
 32826 | Orc:4    | Bought a dazzling cutlass for 216 gold pieces
 32827 | Orc:4    | Identified the +3 cutlass of Pain and Death {speed, Str+2} (You bought it in a shop on level 4 of the Orcish Mines)
 33224 | Orc:4    | Bought the ring of Divine Intervention {rF+ Dex+4 Int+3} for 700 gold pieces
 33765 | D:11     | Learned a level 6 spell: Death Channel
 33980 | D:13     | Found Unackuup's Weapon Boutique.
 34294 | D:13     | Found a gate to the Vaults.
 34698 | D:14     | Noticed Nessos
 34714 | D:14     | Killed Nessos
 34758 | D:14     | Your ally Nessos died
 34925 | D:14     | Noticed Louise
 34948 | D:14     | Killed Louise
 35032 | D:14     | Your ally Louise died
 35105 | D:14     | Noticed Roxanne
 35458 | D:14     | Noticed Harold
 35491 | D:14     | Killed Harold
 35671 | D:14     | Your ally Harold died
 36157 | D:14     | Killed Roxanne
 36218 | D:15     | Entered Level 15 of the Dungeon
 36352 | D:15     | Reached XP level 16. HP: 54/122 MP: 28/32
 36469 | D:15     | Found a corrupted altar of Lugonu.
 37253 | D:15     | Found a staircase to the Depths.
 37980 | Snake:1  | Entered Level 1 of the Snake Pit
 38875 | Snake:2  | Got an ichor-stained ring mail
 38876 | Snake:2  | Identified the +0 ring mail of the Vestibule of Hell {Dex+4 Int+2} (You found it on level 2 of the Snake Pit)
 41068 | Snake:4  | Noticed Azrael
 41623 | Snake:4  | Found Shryaxto's Antique Armour Boutique.
 41732 | Snake:4  | Reached skill level 10 in Spellcasting
 42149 | Snake:4  | Noticed Norris
 42208 | Snake:4  | Killed Norris
 42365 | Snake:4  | Killed Azrael
 42392 | Snake:4  | Your ally Norris died
 42538 | Snake:5  | Entered Level 5 of the Snake Pit
 42943 | Snake:5  | Found Cohunaba's Assorted Antiques.
 42950 | Snake:5  | Noticed Aizul
 42969 | Snake:5  | Killed Aizul
 42998 | Snake:5  | Bought a metallic red potion for 36 gold pieces
 43006 | Snake:5  | Reached XP level 17. HP: 104/128 MP: 23/34
 43145 | Snake:5  | Your ally Aizul died
 43254 | Snake:5  | Reached skill level 5 in Air Magic
 44097 | D:11     | Learned a level 4 spell: Animate Dead
 45326 | Snake:5  | Got a serpentine rune of Zot
 45748 | Orc:4    | Bought an uncursed ring of invisibility for 450 gold pieces
 46247 | Lair:8   | Learned a level 6 spell: Deflect Missiles
 46459 | Shoals:1 | Entered Level 1 of the Shoals
 46601 | Shoals:1 | Reached skill level 10 in Evocations
 47899 | Shoals:2 | Noticed Frances
 47925 | Shoals:2 | Killed Frances
 48136 | Shoals:2 | Your ally Frances died
 49877 | Shoals:3 | Noticed Asterion
 49895 | Shoals:3 | Killed Asterion
 50051 | Shoals:3 | Your ally Asterion died
 50066 | Shoals:3 | Got a heavily runed leather armour
 50067 | Shoals:3 | Identified the +1 leather armour "Trusted Companion" {Str+5 Int+5} (You found it on level 3 of the Shoals)
 51058 | Shoals:4 | Reached XP level 18. HP: 138/138 MP: 35/35
 51544 | Shoals:4 | Noticed Agnes
 51562 | Shoals:4 | Killed Agnes
 51573 | Shoals:4 | Reached skill level 10 in Charms
 51698 | Shoals:4 | Your ally Agnes died
 51816 | Shoals:5 | Entered Level 5 of the Shoals
 51816 | Shoals:5 | Noticed Wiglaf
 51822 | Shoals:4 | Killed Wiglaf
 52910 | Shoals:5 | Got a barnacled rune of Zot
 53393 | D:14     | Learned a level 6 spell: Statue Form
 53897 | Shoals:5 | Noticed Kirke
 53900 | Shoals:5 | Noticed Ilsuiw
 53932 | Shoals:4 | Killed Kirke
 53932 | Shoals:4 | Reached skill level 1 in Earth Magic
 54114 | Shoals:4 | Killed Ilsuiw
 54114 | Shoals:4 | Reached skill level 1 in Transmutations
 54483 | Shoals:5 | Got an encrusted hand crossbow
 54485 | Shoals:5 | Identified the cursed +0 hand crossbow of Midsummer {penet, rC+} (You found it on level 5 of the Shoals)
 55333 | Elf:1    | Entered Level 1 of the Elven Halls
 55964 | Elf:1    | Reached skill level 5 in Transmutations
 56168 | Elf:1    | Reached skill level 5 in Earth Magic
 56839 | Elf:2    | Got a dull robe
 57509 | Elf:3    | Entered Level 3 of the Elven Halls
 57557 | Elf:3    | Reached XP level 19. HP: 126/144 MP: 28/37
 57659 | Elf:3    | Cast into the Abyss (deep elf sorcerer)
 58618 | Abyss:1  | Noticed a bone dragon
 58624 | Abyss:1  | Killed a bone dragon
 58731 | Abyss:1  | Noticed a profane servitor
 58735 | Abyss:1  | Killed a profane servitor
 58980 | Abyss:1  | Noticed a bone dragon
 58989 | Abyss:1  | Killed a bone dragon
 59130 | Abyss:1  | Found a corrupted altar of Lugonu.
 59241 | Abyss:1  | Noticed a bone dragon
 59413 | Abyss:1  | Noticed a bone dragon
 59480 | Abyss:1  | Found a basalt altar of Yredelemnul.
 59689 | Abyss:1  | Found a corrupted altar of Lugonu.
 59885 | Abyss:2  | Found a corrupted altar of Lugonu.
 59940 | Abyss:2  | Got a polished chain mail
 59941 | Abyss:2  | Identified the +7 chain mail "Clesu" {Str+3} (You found it on level 2 of the Abyss)
 59971 | Abyss:2  | Found a corrupted altar of Lugonu.
 60064 | Abyss:2  | Found a corrupted altar of Lugonu.
 60210 | Abyss:2  | Noticed a bone dragon
 60219 | Abyss:2  | Killed a bone dragon
 60259 | Abyss:2  | Found a corrupted altar of Lugonu.
 60405 | Abyss:2  | Found a corrupted altar of Lugonu.
 60446 | Abyss:2  | Found a corrupted altar of Lugonu.
 60450 | Abyss:2  | Found a corrupted altar of Lugonu.
 60459 | Elf:3    | Escaped the Abyss
 60488 | Elf:3    | Cast into the Abyss (deep elf sorcerer)
 60705 | Abyss:1  | Found an ancient bone altar of Kikubaaqudgha.
 61487 | Abyss:2  | Found a corrupted altar of Lugonu.
 61520 | Abyss:2  | Found a corrupted altar of Lugonu.
 61586 | Abyss:3  | Got an abyssal rune of Zot
 61847 | Elf:3    | Escaped the Abyss
 61947 | Elf:3    | Reached skill level 10 in Transmutations
 62038 | Elf:3    | Cast into the Abyss (deep elf sorcerer)
 62046 | Abyss:1  | Found an ancient bone altar of Kikubaaqudgha.
 62228 | Abyss:1  | Found a corrupted altar of Lugonu.
 62243 | Abyss:1  | Got a bloodstained cloak
 62244 | Abyss:1  | Identified the +0 cloak of the Great Game {rElec Dex+3} (You found it on level 1 of the Abyss)
 62551 | Elf:3    | Escaped the Abyss
 62595 | Elf:3    | Reached skill level 10 in Earth Magic
 63017 | Elf:3    | Reached XP level 20. HP: 118/151 MP: 31/37
 63113 | Elf:3    | Noticed Lightli's ghost (mighty DDDK)
 63118 | Elf:3    | Killed Lightli's ghost
 63344 | Elf:3    | Reached skill level 15 in Stealth
 63475 | Elf:3    | Got a glittering copper ring
 63476 | Elf:3    | Identified the ring "Strai" {rElec Slay+4 SInv} (You took it off a deep elf death mage on level 3 of the Elven Halls)
 63499 | Elf:3    | Learned a level 2 spell: Blink
 63535 | Elf:3    | Got a dazzling morningstar
 63753 | Elf:3    | Identified the Volume of Companions (You found it on level 3 of the Elven Halls)
 63756 | Elf:3    | Learned a level 1 spell: Summon Butterflies
 64218 | D:11     | Learned a level 6 spell: Invisibility
 64667 | D:8      | Bought a faintly glowing ring mail for 279 gold pieces
 64724 | D:8      | Bought a scroll of identify for 32 gold pieces
 64724 | D:8      | Bought a scroll of identify for 32 gold pieces
 64724 | D:8      | Bought a scroll of magic mapping for 56 gold pieces
 64724 | D:8      | Bought a scroll of identify for 32 gold pieces
 64724 | D:8      | Bought a scroll of blinking for 120 gold pieces
 64724 | D:8      | Bought a scroll of silence for 120 gold pieces
 64724 | D:8      | Bought a scroll of enchant armour for 120 gold pieces
 64729 | D:8      | Identified the +3 ring mail "Pneok" {rF+} (You bought it in a shop on level 8 of the Dungeon)
 64734 | D:8      | Identified a +6 rod of inaccuracy (11/11) (You took it off a deep elf sorcerer on level 3 of the Elven Halls)
 64878 | Vaults:1 | Entered Level 1 of the Vaults
 65486 | Vaults:1 | HP: 6/151 [vault warden/halberd of freezing (34)]
 65486 | Vaults:1 | Mangled by a vault warden

Action                   |  1- 3 |  4- 6 |  7- 9 | 10-12 | 13-15 | 16-18 | 19-21 || total
-------------------------+-------+-------+-------+-------+-------+-------+-------++-------
Melee: Short sword       |   187 |   317 |   199 |  1095 |  1558 |       |       ||  3356
       Dagger            |       |     1 |   458 |     3 |   747 |   251 |   132 ||  1592
       Cutlass           |       |       |       |       |   553 |  1964 |  1057 ||  3574
 Fire: Blowgun           |       |       |    11 |     3 |       |       |       ||    14
Throw: Tomahawk          |       |     4 |    39 |    47 |    94 |   218 |     7 ||   409
       Throwing net      |       |       |       |       |       |     3 |       ||     3
 Cast: Infusion          |    10 |    21 |    20 |     1 |       |       |       ||    52
       Shroud of Golubri |     1 |       |       |       |       |       |       ||     1
       Spectral Weapon   |       |     1 |    11 |    17 |    49 |    35 |    10 ||   123
       Regeneration      |       |       |     9 |    25 |    28 |    55 |    22 ||   139
       Confuse           |       |       |       |    83 |   175 |    89 |     8 ||   355
       Dispel Undead     |       |       |       |    38 |    12 |    30 |    38 ||   118
       Flight            |       |       |       |       |     2 |    15 |     1 ||    18
       Death Channel     |       |       |       |       |    16 |    76 |       ||    92
       Animate Dead      |       |       |       |       |       |    85 |     6 ||    91
       Deflect Missiles  |       |       |       |       |       |     7 |     3 ||    10
       Statue Form       |       |       |       |       |       |       |     3 ||     3
       Invisibility      |       |       |       |       |       |       |     3 ||     3
Invok: Receive Corpses   |       |       |       |     2 |     1 |    54 |     7 ||    64
 Abil: Bottle Blood      |       |       |     2 |     9 |     2 |       |       ||    13
       Evoke Invisibilit |       |       |       |       |       |    18 |     5 ||    23
       Evoke Teleportati |       |       |       |       |       |       |    21 ||    21
Evoke: Wand              |     1 |     6 |    13 |    63 |    97 |    62 |    33 ||   275
       Deck              |       |       |       |     1 |     6 |       |       ||     7
       Sack of spiders   |       |       |       |       |    16 |       |     4 ||    20
       Box of beasts     |       |       |       |       |    10 |     2 |       ||    12
       Phial of floods   |       |       |       |       |     3 |    12 |     5 ||    20
       Lamp of fire      |       |       |       |       |       |       |     2 ||     2
       Fan of gales      |       |       |       |       |       |       |     1 ||     1
  Use: Scroll            |     6 |     8 |    10 |    15 |    31 |    24 |    16 ||   110
       Potion            |       |     3 |     3 |    13 |     3 |     7 |     8 ||    37
 Stab: Sleeping          |     1 |     3 |    21 |    27 |    52 |    45 |    27 ||   176
       Confused          |       |     4 |     3 |    58 |   103 |    51 |     5 ||   224
       Distracted        |       |       |     1 |     1 |    29 |    37 |    22 ||    90
       Fleeing           |       |       |       |     5 |     1 |       |       ||     6
       Held in net/web   |       |       |       |       |     4 |     3 |       ||     7
       Invisible         |       |       |       |       |     7 |    45 |    18 ||    70
       Petrified         |       |       |       |       |     2 |       |       ||     2
       Paralysed         |       |       |       |       |       |     4 |       ||     4
  Eat: Corpse            |    17 |    19 |    30 |    63 |   134 |   150 |    38 ||   451

Vault maps used:
D:1:      dpeg_arrival_houses_and_road, hangedman_glass_teeth,
          nemelex_diamond_rough_becter
D:2:      old_standard_altar, trog_hazing_becter, uniq_terence
D:3:      lemuel_round_altar, overflow_temple_1_default, first_bread, uniq_iyjb
D:4:      lemuel_crystal_altar, evilmike_ruin_ashenzari, old_standard_altar,
          elyvilon_altar_3
D:5:      guppyfry_early_orc_mine
D:6:      lemuel_zombie_altar_yredelemnul, portal_sewer_entry_a, uniq_grinder
D:7:      lemuel_blue_sif_altar, minmay_temple_entry_large_hall
D:8:      dpeg_oklobed_lair, serial_shops, shop, shop, shop,
          nicolae_shop_behind_doors, shop, grunt_livestock
D:9:      lemuel_crystal_altar, nicolae_qazlal_style_of_elements,
          grunt_decor_arrowhead
D:10:     serial_shops, nicolae_shop_statue_plus
D:11:     erik_orc_4, serial_shops, nicolae_shop_crystal
D:12:     portal_ice_cave_entry_imps
D:13:     david_vaults_1, serial_shops, shop
D:14:     serial_glass, glass_columns_a, glass_columns_a, feat_on_display,
          item_on_display_a, feat_on_display, special_room, uniq_harold,
          uniq_nessos, uniq_roxanne, uniq_louise
D:15:     gammafunk_depths_entry_grave, hangedman_decor_points, tgw_lugonu_bribe
Temple:   nicolae_temple_great_sept
Orc:1:    nicolae_orc_accident_2, uniq_snorg, uniq_eustachio
Orc:2:    basic_altar, enter_bailey_3, mines2_david
Orc:3:    basic_altar, serial_shops, shop, nicolae_orc_pool_cavern,
          mines2_david, uniq_psyche, uniq_erica
Orc:4:    st_orc_congregation, nicolae_orc_lava_room, uniq_fannar,
          uniq_saint_roka, uniq_grum
Elf:1:    eino_elf_arrival_the_gate
Elf:2:    spider_trap
Elf:3:    grunt_elf_hall_branching
Lair:1:   beast_lair_carwin_large_2, grunt_forest_large_clearing_hut,
          infiniplex_staircase_pool_2
Lair:2:   beast_lair_carwin_large_3, nicolae_volcano_entry_s_turn,
          grunt_forest_stairs_basic, serial_bayou_shore_b
Lair:3:   minmay_shoals_entry_hut, minmay_snake_entry_guardpost_small,
          st_stairs_12, uniq_rupert
Lair:4:   grunt_megastairs_4, infiniplex_staircase_pool
Lair:5:   dpeg_stationary_puzzle
Lair:6:   minmay_slime_entry_oklob_open
Lair:8:   evilmike_catoblepas_cave
Shoals:1: shoals_atoll
Shoals:2: uniq_frances
Shoals:3: uniq_asterion
Shoals:4: uniq_agnes
Shoals:5: shoals_end_hangedman, shoal_ilsuiw, uniq_kirke, uniq_wiglaf
Snake:2:  grunt_megastairs_2
Snake:4:  serial_shops, shop_fountains, uniq_norris, uniq_azrael
Snake:5:  grunt_snake_rune_serpentine_throne, serial_shops, shop, uniq_aizul
Vaults:1: hangedman_vaults_slither, vaults_mumra_chevron, v_misc_19, v_misc_23,
          grunt_vaults_hallway_short, ontoclasm_vaults_decontamination
Abyss:1:  hangedman_abyss_feature_spike
Abyss:3:  grunt_abyss_rune_sword_and_sorcery, hangedman_stitches_earthworm
Sewer:    kennysheep_pipe_town
Bailey:   bailey_polearm_4, bailey
IceCv:    ice_cave_small_giant
Volcano:  volcano_tomb
